 Dungeon Crawl Stone Soup version 0.27-a0-906-g0a00ce863d (webtiles) character file.

Game seed: 4377866129319901885

112 funkygono the Covered (level 4, 0/29 HPs)
             Began as a Gargoyle Fighter on Apr 8, 2021.
             Slain by Ijyb
             ... wielding a +0 club
              (3 damage)
             ... on level 3 of the Dungeon.
             The game lasted 00:04:26 (2774 turns).

funkygono the Covered (Gargoyle Fighter)            Turns: 2774, Time: 00:04:27

Health: 0/29       AC: 18    Str: 21    XL:     4   Next: 93%
Magic:  4/4        EV:  5    Int:  8    God:
Gold:   49         SH:  9    Dex:  9    Spells: 3/3 levels left

rFire    . . .     SeeInvis +   a - +0 flail
rCold    . . .     Faith    .   c - +0 kite shield
rNeg     + . .     Spirit   .   e - +1 chain mail
rPois    ∞         Reflect  .   o - +0 helmet
rElec    +         Harm     .   (no cloak)
rCorr    .         Rampage  .   (no gloves)
Will     .....                  b - +2 pair of boots
Stlth    ..........             (no amulet)
HPRegen  0.09/turn              i - ring of see invisible
MPRegen  0.09/turn              (no ring)

@: no status effects
A: AC +3, negative energy resistance 1, electricity resistance, torment
resistance 1, unbreathing 1, petrification resistance
a: no special abilities


You were on level 3 of the Dungeon.
You visited 1 branch of the dungeon, and saw 3 of its levels.

You collected 49 gold pieces.

Inventory:

Hand Weapons
 a - a +0 flail (weapon)
Missiles
 g - 47 bolts
Armour
 b - a +2 pair of boots (worn)
 c - a +0 kite shield (worn)
 e - a +1 chain mail (worn)
 o - a +0 helmet (worn)
Magical Staves
 f - a staff of cold
 n - a staff of air
Jewellery
 i - a ring of see invisible (left hand)
Scrolls
 p - a scroll of immolation {unknown}
Potions
 d - a potion of might
 h - a potion of lignification {unknown}
 j - a potion of heal wounds {unknown}
 k - a potion of cancellation
 l - a potion of attraction {unknown}
 m - 2 potions of curing {unknown}


   Skills:
 + Level 3.7 Fighting
 + Level 3.2 Maces & Flails
 + Level 4.1 Armour
 + Level 0.6 Dodging
 + Level 4.0 Shields


You had 3 spell levels left.
You didn't know any spells.
Your spell library was empty.

Dungeon Overview and Level Annotations

Branches:
Dungeon (3/15)

Altars:

Shops:
D:1 *

Annotations:
D:3 Ijyb


Innate Abilities, Weirdness & Mutations

Your stone body is resilient. (AC +3)
You are immune to poison.
You resist negative energy. (rN+)
You are resistant to electric shocks. (rElec)
You are resistant to unholy torment.
You can survive without breathing.
You are immune to petrification.


Message History

You kill the endoplasm!
You closely miss the rat. You block the rat's attack. x2
You closely miss the rat. You block the rat's attack.
You hit the rat but do no damage. The rat bites you but does no damage.
Your shield and chain mail prevent you from hitting the rat.
The rat bites you but does no damage. The rat barely misses you.
You thump the rat!
You kill the rat!
Found a buckler.
Found an escape hatch in the ceiling.
Ijyb the Twisted Goblin comes into view.
She is wielding a +0 club and carrying a wand of mindburst (12).
Ijyb shouts!
Ijyb zaps a wand.
You barely resist.
Sorry, you're not good enough to have a special ability.
Unknown command.
You hit Ijyb.
Ijyb is moderately wounded.
You block Ijyb's attack. Ijyb hits you but does no damage.
You barely miss Ijyb.
Ijyb is moderately wounded.
Ijyb zaps a wand.
You barely resist.
A dart slug comes into view.
You sock Ijyb!
Ijyb is severely wounded.
You block Ijyb's attack. Ijyb barely misses you.
You closely miss Ijyb.
Ijyb is severely wounded.
Ijyb hits you but does no damage.
You hit Ijyb but do no damage.
Ijyb is severely wounded.
Ijyb hits you but does no damage. You block Ijyb's attack.
You completely miss Ijyb.
Ijyb is severely wounded.
Ijyb zaps a wand.
Your mind is blasted!
Ouch! That really hurt!
* * * LOW HITPOINT WARNING * * *
You hit Ijyb but do no damage.
Ijyb is severely wounded.
Ijyb hits you with a +0 club.
You die...

...##.#.....#####...
.. #.##...........<
. #.###...........
#...............
###..##.##.####...
.[..#..##.# ..
##..#.##.####...
#.#.##..w.....
#.#.##@g# #.......#
........##.##
.#########.# #.# #..
... #..# ..#


You could see Ijyb and a dart slug.

Vanquished Creatures
  Robin (D:2)
  An adder (D:3)
  3 worms (D:2)
  An orc (D:3)
  10 endoplasms
  13 hobgoblins
  10 jackals
  3 quokkas
  8 bats
  A frilled lizard (D:1)
  13 goblins
  4 kobolds
  2 rats
70 creatures vanquished.

Notes
Turn   | Place    | Note
-------+----------+-------------------------------------------
     0 | D:1      | funkygono the Gargoyle Fighter began the quest for the Orb.
     0 | D:1      | Reached XP level 1. HP: 14/14 MP: 1/1
   440 | D:1      | Reached XP level 2. HP: 7/19 MP: 2/2
   871 | D:1      | Found Taguar's General Store.
   916 | D:1      | Reached XP level 3. HP: 22/23 MP: 3/3
  1119 | D:1      | Found a faded altar of an unknown god.
  1909 | D:2      | Reached XP level 4. HP: 28/28 MP: 4/4
  2257 | D:2      | Noticed Robin
  2265 | D:2      | Killed Robin
  2764 | D:3      | Noticed Ijyb
  2774 | D:3      | Slain by Ijyb

Illustrated notes

Levels and vault maps discovered:
D:1:      mainiacjoe_arrival_reflecting_pool, layout_basic, serial_shops, shop,
          basic_ecumenical_altar
D:2:      layout_basic, uniq_robin
D:3:      layout_loops_cross, serial_shops, shop, minmay_divided_ellipse,
          uniq_ijyb

Skill      XL: |  1  2  3  4 |
---------------+-------------+-----
Armour         | 4 |  4.1
Maces & Flails | 3 |  3.2
Shields        | 4 |  4.0
Fighting       | |  3.7
Dodging        | |  0.6

Action                   |  1- 3 |  4- 6 || total
-------------------------+-------+-------++-------
Melee: Flail             |   192 |   107 ||   299
  Use: Scroll            |     3 |       ||     3
Armor: Chain mail        |   172 |    45 ||   217
Dodge: Dodged            |    54 |    15 ||    69
Block: Kite shield       |   143 |    64 ||   207

Table legend: (Time is in decaauts)
 A = Elapsed time spent in this place.
 B = Non-inter-level travel time spent in this place.
 C = Inter-level travel time spent in this place.
 D = Time resting spent in this place.
 E = Time spent auto-exploring this place.
 F = Levels seen in this place.
 G = Mean time per level.
                   A        B        C        D        E       F      G
               +--------+--------+--------+--------+--------+-----+--------+
         Total |   2925 |   2888 |     37 |    233 |   1855 |   3 |  975.0 |
       Dungeon |   2925 |   2888 |     37 |    233 |   1855 |   3 |  975.0 |
               +--------+--------+--------+--------+--------+-----+--------+

Top non-repeatable levels by time:
     D:1: 1452 daAuts
     D:2: 1291 daAuts
     D:3: 180 daAuts
